AoeStats
← fahre

Arabia

520184877Analyzed
1v1 RM · 6d ago on Nov 10, 2026· 46m 25s· 2 players
Game mode
Random Map
Map size
Tiny (2 player)
Population
200
Speed
Normal
Resources
Standard
Victory
Conquest
Starting age
Dark Age
Ending age
Imperial Age
RankedLock teamsTeams togetherTeam positionsShared explorationLock speedFull tech treeHidden civsTurbo modeCheats
Victory
Defeat
🇹🇷 Cumans · Türkiye
817
+15
vs
🇨🇿 Teutons · Czechia
801
-15
s.kudelka
9:26 Feudal Age
12:41 Bloodlines
23:03 Castle Age
27:16 Scale Barding Armor
29:54 Pikeman
35:36 Elite Skirmisher
37:10 Chain Barding Armor
38:22 Fletching
38:34 Padded Archer Armor
38:45 Forging
44:48 Imperial Age
43:06 Bodkin Arrow
fahre
9:08 Loom
11:24 Feudal Age
16:51 Double-Bit Axe
16:48 Horse Collar
18:47 Town Watch
26:05 Castle Age
24:20 Forging
25:30 Wheelbarrow
26:53 Bloodlines
27:21 Stone Mining
27:26 Gold Mining
27:41 Heavy Plow
28:36 Iron Casting
29:21 Town Patrol
29:10 Pikeman
30:33 Scale Barding Armor
31:36 Squires
32:18 Chain Barding Armor
38:14 Imperial Age
36:02 Hand Cart
36:19 Ballistics
36:13 Bow Saw
36:42 Scale Mail Armor
36:06 Man-at-Arms
37:11 Masonry
37:42 Long Swordsman
37:47 Long Swordsman
38:44 Two-Handed Swordsman
41:04 Cavalier
42:19 Champion
46:20 Halberdier
Connection lost

Rejoining the realm…

Still unreachable

The connection could not be restored.

Session expired

The server has moved on; the page needs a fresh start.